 Dungeon Crawl Stone Soup version 0.28.0-53-g5a82cb258f (webtiles) character file.

Game seed: 2243736181312788504

16 Spectrina the Ducker (level 2, 0/18 HPs)
             Began as a Deep Elf Monk on May 28, 2022.
             Slain by an adder (3 damage)
             ... on level 3 of the Dungeon.
             The game lasted 00:05:20 (589 turns).

Spectrina the Ducker (Deep Elf Monk)                 Turns: 589, Time: 00:05:20

Health: 0/18       AC:  3    Str:  8    XL:     2   Next: 37%
Magic:  4/4        EV: 13    Int: 14    God:
Gold:   39         SH:  0    Dex: 17    Spells: 1/1 levels left

rFire   . . .      SeeInvis .   a - +0 spear
rCold   . . .      Faith    .   (no shield)
rNeg    . . .      Spirit   .   g - +0 leather armour
rPois   .          Reflect  .   (no helmet)
rElec   .          Harm     .   (no cloak)
rCorr   .          Rampage  .   (no gloves)
Will    .....                   (no boots)
Stlth   ++........              (no amulet)
HPRegen 0.06/turn               (no ring)
MPRegen 0.09/turn               (no ring)

@: no status effects
A: no striking features
a: no special abilities


You were on level 3 of the Dungeon.
You visited 1 branch of the dungeon, and saw 4 of its levels.

You collected 39 gold pieces.

Inventory:

Hand Weapons
 a - a +0 spear (weapon)
 o - a +0 hunting sling
Missiles
 c - 18 sling bullets
 d - 5 poisoned darts (quivered)
 p - 6 stones
Armour
 b - a +0 robe
 g - a +0 leather armour (worn)
Scrolls
 e - a scroll of torment {unknown}
 i - a scroll of teleportation {unknown}
 j - a scroll of blinking {unknown}
 l - a scroll of fear {unknown}
 m - a scroll of fog {unknown}
 n - 3 scrolls of vulnerability
Potions
 k - a potion of degeneration


   Skills:
 - Level 2.4 Fighting
 + Level 2.8 Polearms
 - Level 3.6 Dodging
 - Level 2.4 Stealth


You had one spell level left.
You didn't know any spells.
Your spell library was empty.

Dungeon Overview and Level Annotations

Branches:
Dungeon (4/15)
 Temple: D:4-7

Altars:
Vehumet

Shops:
D:3 [


Message History

Found 21 arrows.
Found 22 arrows.
A goblin comes into view. It is wielding a +0 dagger.
An adder comes into view.
Welcome back, Spectrina the Deep Elf Monk.
Press ? for a list of commands and other information.
A bat comes into view.
A goblin comes into view. It is carrying a wand of flame (5).
Found a radiant altar of Vehumet.
Unknown command.
You barely miss the bat. The bat hits you.
You closely miss the bat. The bat barely misses you.
Reach: a) +0 spear
Press: ? - help, Dir - move target, f - bat
Aim: a bat (about 49% to evade your +0 spear)
You reach to attack!
You hit the bat.
You kill the bat!
Your library has no spells.
You aren't carrying any pieces of jewellery.
Unknown command.
Unknown command.
An adder comes into view.
An orc comes into view. It is wielding a +0 trident.
The adder hisses angrily.
The goblin zaps a wand.
The puff of flame hits you!
Ouch! That really hurt!
* * * LOW HITPOINT WARNING * * *
Okay, then.
As you read the scroll labelled FAKOYDE JALIAMM, it crumbles to dust.
It is a scroll of identify.
n - 3 scrolls of vulnerability
As you read the scroll of identify, it crumbles to dust.
k - a potion of degeneration The adder misses you.
As you read the scroll of identify, it crumbles to dust.
h - a scroll of summoning The adder closely misses you.
As you read the scroll of summoning, it crumbles to dust.
Wisps of shadow whirl around you... The adder bites you.
You die...

........# ........# .#
.......###### . ..
#'##.......# .#.#
#..'.......# ...#
#.........# #..#
##+##.#.S.g...# ...# #
.........###.######.##.#
...#....# #..gS@ww....#
......g..# ########.##.#
..#._.#..+ ..........#.#
.........# #######.#.#.#
.o..#....# #.#.#.# ....
....# #.#...# .## ##...#
#.##..# ##### #.##).#
#.##..#


You could see an adder (ally target), a goblin, a friendly worm (summoned) and a
friendly dart slug (summoned).

Vanquished Creatures
  4 bats
  3 endoplasms
  A giant cockroach (D:3)
  2 goblins
  A ball python (D:2)
  3 rats
14 creatures vanquished.

Notes
Turn   | Place    | Note
-------+----------+-------------------------------------------
     0 | D:1      | Spectrina the Deep Elf Monk began the quest for the Orb.
     0 | D:1      | Reached XP level 1. HP: 13/13 MP: 3/3
   198 | D:1      | Reached XP level 2. HP: 8/18 MP: 4/4
   376 | D:3      | Found Tosm's Antique Armour Emporium.
   568 | D:3      | Found a radiant altar of Vehumet.
   589 | D:3      | Slain by an adder

Illustrated notes

Levels and vault maps discovered:
D:1:      roderic_octagonal_star, layout_basic, basic_ecumenical_altar
D:2:      layout_basic, serial_park_tiny_pond, kennysheep_boxes, uniq_robin
D:3:      layout_basic, elyvilon_altar_3, vehumet_altar_wand_db, serial_shops,
          shop_fountains, uniq_ijyb
D:4:      layout_cave_pods, nicolae_qazlal_style_of_elements,
          chequers_serial_rivers_small_b

Action                   || total
-------------------------++-------
Melee: Spear             ||    51
  Use: Scroll            ||     4
 Stab: Sleeping          ||     2
Armor: Robe              ||     5
       Leather armour    ||     8
Dodge: Dodged            ||    39
